 Dungeon Crawl Stone Soup version 0.30-a0-422-g946f4849ff (webtiles) character file.

Game seed: 13174624528138817859

544 Khashishi the Cudgeller (level 7, -3/62 HPs)
             Began as a Meteoran Monk on Dec 9, 2022.
             Slain by Duvessa
             ... wielding a +2 short sword of speed
              (9 damage)
             ... on level 4 of the Dungeon.
             The game lasted 00:17:15 (1668 turns).

Khashishi the Cudgeller (Meteoran Monk)             Turns: 1668, Time: 00:17:16

Health: -3/62      AC:  8    Str: 20    XL:     7   Next: 83%
Magic:  9/9        EV: 13    Int: 12    God:
Gold:   115        SH:  0    Dex: 17    Spells: 7/8 levels left

rFire   . . .      SeeInvis +    b - +0 whip (elec)
rCold   + . .      Faith    .    (no shield)
rNeg    . . .      Spirit   .    m - +1 leather armour {rC+}
rPois   +          Reflect  .    (no helmet)
rElec   .          Harm     .    (no cloak)
rCorr   .          Rampage  .    o - +1 pair of gloves of the Stonemason {rPois SInv}
Will    .....                    h - +0 pair of boots
Stlth   +.........               (no amulet)
HPRegen 0.30/turn                u - +6 ring of strength
MPRegen 0.11/turn                (no ring)

@: about to teleport, glowing, studying Fighting
A: sense surroundings 1, otherworldly, glowing, explore regen
a: no special abilities


You were on level 4 of the Dungeon.
You visited 1 branch of the dungeon, and saw 5 of its levels.

You collected 115 gold pieces.

Inventory:

Hand Weapons
 b - a +0 whip of electrocution (weapon)
 d - a +0 sling of freezing
 x - a +1 falchion of holy wrath
Missiles
 i - 33 stones
 s - 4 poisoned darts (quivered)
 y - 3 silver boomerangs
Armour
 h - a +0 pair of boots (worn)
 m - a +1 leather armour of cold resistance (worn)
 o - the +1 pair of gloves of the Stonemason (worn) {rPois SInv}
   (You acquired it on level 4 of the Dungeon)

   rPois:     It protects you from poison.
   SInv:      It lets you see invisible.
 A - a +0 chain mail
Magical Staves
 w - a staff of fire
Jewellery
 u - a +6 ring of strength (left hand)
Scrolls
 a - a scroll of amnesia {unknown}
 f - a scroll of poison {unknown}
 g - 2 scrolls of identify {unknown}
 k - 2 scrolls of fog {unknown}
 l - 3 scrolls of blinking {unknown}
 n - 2 scrolls of immolation
 p - a scroll of silence {unknown}
 q - a scroll of brand weapon
 t - a scroll of fear {unknown}
 z - a scroll of noise {unknown}
Potions
 c - a potion of ambrosia
 e - 2 potions of flight {unknown}
 v - 2 potions of heal wounds {unknown}


   Skills:
 + Level 5.6 Fighting
 + Level 6.9 Maces & Flails
 - Level 4.6 Armour
 + Level 3.6 Dodging
 - Level 1.4 Stealth
 - Level 1.1 Spellcasting
 - Level 1.0 Translocations


You had 7 spell levels left.
You knew the following spells:

 Your Spells              Type           Power      Damage    Failure   Level
a - Apportation           Tloc           6%         N/A       22%         1

Your spell library contained the following spells:

 Spells                   Type           Power      Damage    Failure   Level
 Passage of Golubria      Tloc           3%         N/A       91%         4
 Leda's Liquefaction      Hex/Erth       0%         N/A       98%         4
 Alistair's Intoxication  Tmut/Pois      0%         N/A       100%        5
 Lee's Rapid Deconstruct  Erth           0%         3d4*      100%        5
 Silence                  Hex/Air        0%         N/A       100%        5
 Statue Form              Tmut/Erth      0%         N/A       100%        6
 Lehudib's Crystal Spear  Conj/Erth      0%         10d2      100%        8


Dungeon Overview and Level Annotations

Branches:
Dungeon (5/15) Zot: 1357
 Temple: D:4-7

Altars:

Annotations:
D:4 Dowan, Duvessa


Innate Abilities, Weirdness & Mutations

You passively map a small area around you.
You are easily found by Zot.
You glow in the dark.
You regain HP and MP as you explore.


Message History

Duvessa is lightly wounded.
Duvessa hits you with a +2 short sword of speed.
You aren't carrying any items that you can evoke.
Unknown command.
You hit Duvessa but do no damage. You punch Duvessa, but do no damage.
Duvessa is lightly wounded.
Duvessa hits you with a +2 short sword of speed.
Duvessa hits you but does no damage.
Okay, then.
Unknown command.
You hit Duvessa but do no damage.
Duvessa is lightly wounded.
Duvessa hits you with a +2 short sword of speed.
You hit Duvessa.
Duvessa is moderately wounded.
Duvessa hits you but does no damage.
Duvessa hits you with a +2 short sword of speed!
Dowan gestures wildly while chanting.
Dowan blinks!
Duvessa hits you with a +2 short sword of speed!
Duvessa hits you with a +2 short sword of speed.
Duvessa attacks as you move away! Duvessa closely misses you.
Duvessa hits you with a +2 short sword of speed!
Duvessa says, "I don't care about looks, I care about technique!"
Duvessa barely misses you.
You hit Duvessa.
Duvessa is heavily wounded.
Duvessa barely misses you.
Duvessa hits you with a +2 short sword of speed.
You closely miss Duvessa.
Duvessa is heavily wounded.
Duvessa looks more healthy.
Duvessa hits you with a +2 short sword of speed.
* * * LOW HITPOINT WARNING * * *
As you read the scroll of teleportation, it crumbles to dust.
You feel strangely unstable.
Duvessa hits you with a +2 short sword of speed!
* * * LOW HITPOINT WARNING * * *
Duvessa hits you with a +2 short sword of speed!
You die...

* ** * #... *## ** ,,* #..# .. ,
################.?###.# , ,
#......#.....[.#......###. ,
#.####.#.#####.#..........
#.####.#.#####.#.e###...#.###* .#
#.#...............##........, ,.#
....##.#.#####.#e##......... ...
#......#.......#@##..#..##.###...
################.##..#.......#.#.
#...........<.....
####..#####.....##
#........#.#... #..#######.#*##
##.# ###.### #.# #.....#
######.## #<....#


You could see Duvessa (fast) and Dowan.

Vanquished Creatures
  Pargi (D:4)
  An ogre (D:5)
  A phantom (D:5)
  A scorpion (D:5)
  2 hounds (D:5)
  An iguana (D:5)
  2 gnolls (D:2)
  7 adders
  A shadow imp (D:5)
  A dart slug (D:1)
  An orc (D:5)
  6 bats
  4 endoplasms
  8 giant cockroaches
  5 goblins
  3 hobgoblins
  4 jackals
  4 kobolds
  2 quokkas
  8 ball pythons
  4 rats
67 creatures vanquished.

Notes
Turn   | Place    | Note
-------+----------+-------------------------------------------
     0 | D:1      | Khashishi the Meteoran Monk began the quest for the Orb.
     0 | D:1      | Reached XP level 1. HP: 19/19 MP: 2/2
    79 | D:1      | Reached XP level 2. HP: 26/26 MP: 3/3
   237 | D:1      | Reached XP level 3. HP: 33/33 MP: 4/4
   264 | D:1      | Reached skill level 1 in Armour
   547 | D:2      | Reached XP level 4. HP: 40/40 MP: 5/5
   589 | D:2      | Learned a level 1 spell: Apportation
   920 | D:2      | Reached skill level 5 in Maces & Flails
   976 | D:2      | Reached XP level 5. HP: 46/46 MP: 7/7
  1002 | D:2      | Reached skill level 1 in Spellcasting
  1002 | D:2      | Reached skill level 1 in Translocations
  1002 | D:2      | HP: 1/46 [gnoll/+0 club (2)]
  1120 | D:4      | Noticed Pargi
  1143 | D:4      | Killed Pargi
  1144 | D:4      | Reached XP level 6. HP: 31/53 MP: 8/8
  1386 | D:5      | Entered Level 5 of the Dungeon
  1429 | D:5      | Reached skill level 6 in Maces & Flails
  1434 | D:5      | Reached skill level 5 in Fighting
  1434 | D:5      | Reached XP level 7. HP: 49/61 MP: 9/9
  1600 | D:4      | Identified 2 scrolls of acquirement
  1600 | D:4      | Acquired a manual of Fighting
  1629 | D:4      | Acquired the +1 pair of gloves of the Stonemason {rPois
                  | SInv}
  1651 | D:4      | Noticed Duvessa
  1652 | D:4      | Noticed Dowan
  1668 | D:4      | Slain by Duvessa

Illustrated notes

Levels and vault maps discovered:
D:1:      evilmike_arrival_fibonacci_small, layout_loops_ring, serial_glass,
          glass_columns_a, glass_columns_a, hangedman_decor_lopped
D:2:      layout_basic, uniq_crazy_yiuf_cottage
D:3:      layout_loops_ring
D:4:      layout_loops_cross, nicolae_dithmenos_the_darkroom,
          chequers_serial_rivers_room_a, uniq_pargi, uniq_duvessa,
          uniq_eustachio
D:5:      layout_basic, minmay_temple_entry_trees, serial_shops, shop,
          minmay_statues_item, minmay_fractal_squares_diagonal_5

Skill      XL: |  1  2  3  4  5  6  7 |
---------------+----------------------+-----
Armour         | 1 2 3 4 |  4.6
Fighting       | 4 5 |  5.6
Maces & Flails | 5 6 |  6.9
Spellcasting   | 1 |  1.1
Translocations | 1 |  1.0
Dodging        | |  3.6
Stealth        | |  1.4

Action                   |  1- 3 |  4- 6 |  7- 9 || total
-------------------------+-------+-------+-------++-------
Melee: Mace              |    42 |       |       ||    42
       Whip              |    19 |   140 |    42 ||   201
       Punch             |       |     1 |     1 ||     2
Throw: Stone             |     4 |     1 |     1 ||     6
       Dart              |       |       |     9 ||     9
 Cast: Apportation       |       |     1 |       ||     1
  Use: Scroll            |       |     1 |     5 ||     6
 Stab: Sleeping          |       |     1 |       ||     1
Armor: Ring mail         |    20 |       |       ||    20
       Leather armour    |     4 |    46 |     9 ||    59
Dodge: Dodged            |    40 |    76 |    15 ||   131

Table legend: (Time is in decaauts)
 A = Elapsed time spent in this place.
 B = Non-inter-level travel time spent in this place.
 C = Inter-level travel time spent in this place.
 D = Time resting spent in this place.
 E = Time spent auto-exploring this place.
 F = Levels seen in this place.
 G = Mean time per level.
                   A        B        C        D        E       F      G
               +--------+--------+--------+--------+--------+-----+--------+
         Total |   1641 |   1641 |      0 |      0 |      0 |   5 |  328.2 |
       Dungeon |   1641 |   1641 |      0 |      0 |      0 |   5 |  328.2 |
               +--------+--------+--------+--------+--------+-----+--------+

Top non-repeatable levels by time:
     D:2: 491 daAuts
     D:1: 421 daAuts
     D:3: 368 daAuts
     D:5: 192 daAuts
     D:4: 168 daAuts
